 Dungeon Crawl Stone Soup version 0.30-a0-930-gb9d0489357 (webtiles) character file.

Game seed: 11518461153035944521

13743 ytrimaz the Convoker (level 11, -2/54 HPs)
             Began as a Deep Elf Summoner on Mar 23, 2023.
             Was a High Priest of Sif Muna.
             Killed from afar by an orc sorcerer (37 damage)
             ... with a bolt of fire
             ... on level 12 of the Dungeon.
             The game lasted 00:28:12 (12073 turns).

ytrimaz the Convoker (Deep Elf Summoner)           Turns: 12073, Time: 00:28:12

Health: -2/54      AC: 11    Str:  5    XL:     11   Next: 79%
Magic:  20/29      EV: 16    Int: 30    God:    Sif Muna [*****.]
Gold:   1385       SH:  8    Dex: 15    Spells: 15/34 levels left

rFire   . . .      SeeInvis .    (no weapon)
rCold   + + .      Faith    .    j - +3 warlock's mirror {omnireflect}
rNeg    . . .      Spirit   .    K - +0 troll leather armour
rPois   .          Reflect  +    L - +4 helmet "Vahoqis" {rC++ Int+5}
rElec   .          Rampage  .    (no cloak)
rCorr   .                        (no gloves)
Will    +....                    g - +1 pair of boots
Stlth   ++                       (no amulet)
HPRegen 1.09/turn                p - ring of wizardry
MPRegen 0.21/turn                B - +5 ring of evasion

@: spiked
A: no striking features
a: Renounce Religion, Channel Magic, Forget Spell, Divine Exegesis


You were on level 12 of the Dungeon.
You worshipped Sif Muna.
Sif Muna was extremely pleased with you.
You visited 1 branch of the dungeon, and saw 12 of its levels.
You also visited: Sewer.

You collected 1385 gold pieces.


   Skills:
 - Level 2.4 Dodging
 - Level 2.4 Stealth
 - Level 4.0 Shields
 - Level 12.0 Spellcasting
 - Level 15.0 Summonings
 + Level 10.3 Invocations


You had 15 spell levels left.
You knew the following spells:

 Your Spells              Type           Power      Damage    Failure   Level
a - Summon Small Mammal   Summ           100%       N/A       0%          1
b - Call Canine Familiar  Summ           82%        N/A       1%          3
c - Summon Guardian Gole  Hex/Summ       58%        N/A       1%          3
d - Summon Forest         Summ/Tloc      29%        N/A       3%          5
e - Summon Hydra          Summ           41%        N/A       4%          7

Your spell library contained the following spells:

 Spells                   Type           Power      Damage    Failure   Level
 Call Imp                 Summ           82%        N/A       0%          2
 Animate Armour           Summ/Erth      100%       N/A       1%          4
 Summon Ice Beast         Ice/Summ       58%        N/A       1%          4
 Summon Lightning Spire   Summ/Air       58%        N/A       1%          4
 Apportation              Tloc           36%        N/A       2%          1
 Kiss of Death            Conj/Necr      72%        2d10      2%          1
 Shock                    Conj/Air       72%        1d7       2%          1
 Blink                    Tloc           36%        N/A       4%          2
 Ensorcelled Hibernation  Hex/Ice        36%        N/A       4%          2
 Lesser Beckoning         Tloc           36%        N/A       4%          2
 Passwall                 Tmut/Erth      15%        N/A       4%          2
 Poisonous Vapours        Pois/Air       36%        N/A       4%          2
 Static Discharge         Conj/Air       36%        2-4/arc   4%          2
 Sublimation of Blood     Necr           18%        N/A       4%          2
 Confusing Touch          Hex            18%        N/A       8%          3
 Gell's Gravitas          Tloc           18%        N/A       8%          3
 Hailstorm                Conj/Ice       18%        3d6       8%          3
 Kindle Blastsparks       Fire/Tloc/Air  36%        2d13      8%          3
 Portal Projectile        Hex/Tloc       36%        N/A       8%          3
 Swiftness                Air            18%        N/A       8%          3
 Teleport Other           Tloc           18%        N/A       8%          3
 Vhi's Electric Charge    Tloc/Air       36%        N/A       8%          3
 Animate Dead             Necr           18%        N/A       24%         4
 Dispel Undead            Necr           18%        3d11      24%         4
 Ice Form                 Ice/Tmut       18%        N/A       24%         4
 Manifold Assault         Tloc           18%        N/A       24%         4
 Petrify                  Tmut/Erth      18%        N/A       24%         4
 Borgnjor's Vile Clutch   Necr/Erth      9%         N/A       52%         5
 Irradiate                Conj/Tmut      9%         3d14      52%         5
 Malign Gateway           Summ/Tloc      29%        N/A       65%         7
 Spellforged Servitor     Conj/Summ      29%        N/A       65%         7
 Death Channel            Necr           9%         N/A       97%         6
 Dispersal                Tloc           9%         N/A       97%         6
 Eringya's Noxious Bog    Tmut/Pois      9%         N/A       97%         6
 Simulacrum               Ice/Necr       9%         N/A       97%         6
 Orb of Destruction       Conj           9%         9d6       100%        7
 Ozocubu's Refrigeration  Ice            9%         4d9       100%        7
 Storm Form               Tmut/Air       9%         N/A       100%        7
 Disjunction              Tloc           9%         N/A       100%        8
 Chain Lightning          Conj/Air       9%         3d12      100%        9

Inventory:

Hand Weapons
 f - a +1 spectral quarterstaff
   (You found it on level 1 of the Dungeon)
Armour
 a - a +0 robe
 g - a +1 pair of boots (worn)
   (You found it on level 1 of the Dungeon)
 j - the +3 warlock's mirror (worn) {omnireflect}
   (You acquired it on level 4 of the Dungeon)

   Omnireflect: It can block and reflect piercing ranged attacks and magical
   attacks against the wielder's willpower.
 v - the +2 helmet "Ridyth" {Str+4 Dex+3}
   (You found it on level 5 of the Dungeon)

   Str:       It affects your strength (+4).
   Dex:       It affects your dexterity (+3).
 A - an orb of guile
   (You found it on level 7 of the Dungeon)
 E - the +0 robe of Subjectivity {rF+ Slay+3}
   (You found it on level 9 of the Dungeon)

   Slay:      It affects your accuracy & damage with ranged weapons and melee
   (+3).
   rF:        It protects you from fire.
 K - a +0 troll leather armour (worn)
   (You found it on level 9 of the Dungeon)
 L - the +4 helmet "Vahoqis" (worn) {rC++ Int+5}
   (You found it on level 9 of the Dungeon)

   Int:       It affects your intelligence (+5).
   rC:        It greatly protects you from cold.
Jewellery
 p - a ring of wizardry (left hand)
   (You found it on level 6 of the Dungeon)
 s - a ring of protection from cold
   (You took it off an orc priest on level 4 of the Dungeon)
 w - the ring "Fenaish" {AC+4 Str+2 Dex-4 SInv}
   (You took it off an orc on level 5 of the Dungeon)

   [ring of protection]

   AC:        It affects your AC (+4).
   Str:       It affects your strength (+2).
   Dex:       It affects your dexterity (-4).
   SInv:      It lets you see invisible.
 B - a +5 ring of evasion (right hand)
   (You found it on level 7 of the Dungeon)
 D - a ring of fire
   (You found it on level 7 of the Dungeon)
 G - a +6 ring of dexterity
   (You found it on level 8 of the Dungeon)
 N - the amulet of Lust {RegenMP -Tele rF+ Slay+4}
   (You found it on level 9 of the Dungeon)

   [amulet of magic regeneration]

   It increases your rate of magic regeneration.
   Slay:      It affects your accuracy & damage with ranged weapons and melee
   (+4).
   rF:        It protects you from fire.
   -Tele:     It prevents most forms of teleportation.
Wands
 x - a wand of quicksilver (3)
   (You found it on level 7 of the Dungeon)
 C - a wand of flame (30)
   (You found it on level 7 of the Dungeon)
 P - a wand of mindburst (22)
   (You took it off a kobold on level 10 of the Dungeon)
Scrolls
 k - a scroll of magic mapping {unknown}
 o - a scroll of noise {unknown}
 t - 4 scrolls of teleportation
 u - 2 scrolls of vulnerability
 F - 2 scrolls of immolation {unknown}
 J - a scroll of enchant armour
 M - a scroll of silence
 R - a scroll of fog
Potions
 b - 4 potions of magic
 c - 2 potions of attraction
 d - a potion of resistance
 e - 4 potions of flight
 h - 2 potions of cancellation
 i - 5 potions of brilliance
 l - 3 potions of haste
 m - 4 potions of lignification
 n - a potion of might {unknown}
 q - 2 potions of heal wounds
 r - a potion of ambrosia {unknown}
 z - 2 potions of invisibility
 I - a potion of mutation {unknown}
 Q - a potion of experience {unknown}
Miscellaneous
 O - a lightning rod (4/4)
   (You found it on level 9 of the Dungeon)

Dungeon Overview and Level Annotations

Branches:
Dungeon (12/15) Zot: 26612  Temple (0/1) D:4            Lair (0/5) D:11
  Sewer (visited)
    Orc: D:9-12

Altars:
Ashenzari
Elyvilon
Hepliaklqana
Ru
Sif Muna
Trog
Xom
Zin

Shops:
D:5 :   D:6 *   D:8 =(=   D:10 *(([?

Annotations:
D:12 Rupert

#.............
#.........J...
#..........#
###.........#
####.......o..#
............D.#
.........4....#
..............#
.......@...##.#
....###......[..
..#
#####...##########
###.......(..
...#####' ##.#..
#...#. ##.#.#
#####.#...


You could see an orc sorcerer (ally target), a red devil (summoned) and a
friendly four-headed hydra (summoned).


Message History

Your eight-headed hydra bites the deep elf zephyrmancer!
Your eight-headed hydra completely misses the deep elf zephyrmancer.
Your eight-headed hydra bites the deep elf zephyrmancer! 😮 HP[+1]
The deep elf zephyrmancer hits your eight-headed hydra with a +0 rapier!
Your eight-headed hydra bites the deep elf zephyrmancer!
The deep elf zephyrmancer dies!
Sif Muna accepts your kill. 😮 HP[+2] MP[+1]
You regained 2 hp, and now have 33/54 hp. 😮 HP[+1] Unknown command. 😮 HP[+1] Rupert the Wild comes into view.
He is wielding a +2 heavy great mace and wearing a +3 leather armour of fire resistance. 😮 HP[+2]
You regained 2 hp, and now have 37/54 hp.
Rupert is nearby!
Rupert is nearby!
Unknown command.
A slime creature comes into view. 😮 HP[+1] MP[+1]
A vampire comes into view. 😮 HP[+1] 😮 HP[+1]
Your eight-headed hydra disappears in a puff of smoke!
The vampire points at you and mumbles some strange words.
You are confused.
There is an open door here. 😕 HP[+1] Unknown command.
Unknown command.
You bump into the stone wall. 😕 HP[+1] Unknown command.
You are too confused!
You feel better.
The slime creature barely misses you. 😕 HP[+7] MP[+1]
You regained 7 hp, and now have 49/54 hp.
As you read the scroll of teleportation, it crumbles to dust.
You feel strangely unstable.
The slime creature closely misses you. 😕 HP[+2]
You regained 2 hp, and now have 51/54 hp. 😕 HP[+1]
The slime creature attacks as you move away!
The slime creature misses you.
Your surroundings suddenly seem different.
An orc sorcerer comes into view. It is wielding a +0 dagger.
Found a pair of boots.
Found a stone staircase leading down.
The orc sorcerer shouts! 😕 HP[+1]
The orc sorcerer casts a spell. 😎 HP[+1] MP[+1]
Your hp is fully restored (54).
Casting: Summon Hydra (quite dangerous; 4% risk of failure)
Confirm with . or Enter, or press ? or * to list all spells.
The spell is quite dangerous to miscast (4% risk of failure)!
Continue anyway?
Okay, then.
Unknown command.
Casting: Summon Hydra (quite dangerous; 4% risk of failure)
Confirm with . or Enter, or press ? or * to list all spells.
The spell is quite dangerous to miscast (4% risk of failure)!
Continue anyway?
A four-headed hydra appears. 😎 MP[-7]
You lost 7 mp, and now have 19/29 mp.
Unknown command.
What are your orders? t - Shout!
Orders for allies: a - Attack new target. r - Retreat! s - Stop attacking. g - Guard the area. f - Follow me.
Anything else - Cancel.
Gang up on whom?
Press: ? - help, Dir - move target, f - orc sorcerer
Aim: an orc sorcerer, wielding a +0 dagger and wearing a +0 robe Attack!
The red devil hits you from afar with a +1 demon trident of flaming.
Barbed spikes become lodged in your body.
The red devil burns you.
A slime creature comes into view. 😕 HP[-6]
You take 6 damage, and now have 48/54 hp.
The barbs in your skin will harm you if you move.
Continue?
Okay, then.
The barbs in your skin will harm you if you move.
Continue?
The barbed spikes dig painfully into your body as you move. 😕 HP[-4]
You take 4 damage, and now have 44/54 hp.
The barbed spikes dig painfully into your body as you move.
Your four-headed hydra bites the orc sorcerer but does no damage.
Your four-headed hydra bites the orc sorcerer.
Your four-headed hydra barely misses the orc sorcerer.
Your four-headed hydra closely misses the orc sorcerer. 😮 HP[-5]
You take 5 damage, and now have 39/54 hp.
The barbed spikes dig painfully into your body as you move.
The orc sorcerer gestures at you while chanting.
The bolt of fire misses the red devil.
The bolt of fire hits you!!!
Ouch! That really hurt!
You die...

Skill      XL: |  1  2  3  4  5  6  7  8  9 10 11 |
---------------+----------------------------------+-----
Spellcasting   | 4 5 6 8 10 12 | 12.0
Summonings     | 5 6 7 9 11 14 15 | 15.0
Shields        | 3 4 |  4.0
Invocations    | 3 10 | 10.3
Dodging        | |  2.4
Stealth        | |  2.4

Action                     |  1- 3 |  4- 6 |  7- 9 | 10-12 || total
---------------------------+-------+-------+-------+-------++-------
  Melee: Unarmed           |     2 |    14 |    32 |    28 ||    76
         Quarterstaff      |    20 |    20 |       |       ||    40
   Cast: Summon Small Mamm |    49 |    29 |    17 |    12 ||   107
         Call Canine Famil |     6 |    16 |    43 |    21 ||    86
         Summon Guardian G |       |     6 |    22 |     3 ||    31
         Summon Forest     |       |       |     2 |     1 ||     3
         Summon Hydra      |       |       |       |    42 ||    42
    Use: Scroll            |     3 |     4 |    10 |     9 ||    26
         Potion            |       |       |       |     4 ||     4
   Stab: Distracted        |       |     4 |     4 |       ||     8
         Sleeping          |       |     1 |       |       ||     1
 Armour: Robe              |    10 |    18 |    29 |     3 ||    60
         Troll leather arm |       |       |       |    14 ||    14
  Dodge: Dodged            |    24 |    30 |    43 |    48 ||   145
  Block: Buckler           |       |    13 |    31 |    31 ||    75
         Reflection        |       |     1 |     3 |     5 ||     9

Levels and vault maps discovered:
D:1:      lemuel_arrival_funnel, layout_basic, due_unseen_surprise
D:2:      layout_rooms, nicolae_ecumenical_oubliette, serial_corexii_hall,
          chequers_hall_statues_y, chequers_hall_statues_wall_a,
          chequers_hall_statues_wall_a, corexii_hall_statues_u
D:3:      layout_loops_cross, mainiacjoe_overflow_small_starburst, uniq_ijyb
D:4:      layout_rooms, lemuel_doored_altar, minmay_temple_entry_junction_2,
          cheibrodos_sewer_entry_bend, supply_closet_lemuel, uniq_blork_the_orc
D:5:      layout_gridville, ashenzari_altar_1, serial_shops,
          kennysheep_little_box, chequers_jeans, uniq_grinder
D:6:      layout_loops_cross, mainiacjoe_overflow_tiny_flanked,
          nicolae_benzene_ring, minmay_gold_behind_fungi, minmay_shop_damaged
D:7:      layout_basic, minmay_crystal_water, minmay_hedge_maze, uniq_duvessa
D:8:      layout_rooms, trog_ov_bears_minmay, led_xom_imps,
          overflow_temple_1_default, serial_shops, nicolae_shop_hallway_stairs,
          nicolae_stop_n_shop_1, shop, uniq_erica
D:9:      minmay_weird_star, layout_gridville, uniq_prince_ribbit1
D:10:     layout_rooms, serial_shops, shop_statue, nicolae_shop_behind_doors,
          kennysheep_mini, nicolae_lakefront_shop,
          nicolae_shop_bloodbath_and_beyond
D:11:     layout_stronghold, david_lair_shrubbed, kennysheep_another_room,
          zin_academy
D:12:     minmay_the_grid_plus_closed [minmay_the_grid_paths,
          minmay_the_grid_diamond_grid, minmay_the_grid_stretched_grid,
          minmay_the_grid_tri_star, minmay_the_grid_prize_shrinking_boxes],
          layout_layer_cave, uniq_rupert

Notes
Turn   | Place    | Note
-------+----------+-------------------------------------------
     0 | D:1      | ytrimaz the Deep Elf Summoner began the quest for the Orb.
     0 | D:1      | Reached XP level 1. HP: 10/10 MP: 6/6
     0 | D:1      | magus.rc [v1.9.6]
   403 | D:1      | Reached XP level 2. HP: 15/15 MP: 5/8
   431 | D:1      | You pick up a book of Burglary and begin reading...
   431 | D:1      | You add the spells Passwall, Ensorcelled Hibernation and
                  | Swiftness to your library.
   785 | D:2      | Found a faded altar of an unknown god.
   914 | D:2      | You pick up a book of Dangerous Friends and begin
                  | reading...
   914 | D:2      | You add the spells Orb of Destruction and Spellforged
                  | Servitor to your library.
  1252 | D:2      | Reached skill level 4 in Spellcasting
  1303 | D:2      | Reached skill level 5 in Summonings
  1303 | D:2      | Reached XP level 3. HP: 19/19 MP: 7/10
  1427 | D:2      | You pick up a book of the Tundra and begin reading...
  1427 | D:2      | You add the spells Hailstorm, Ice Form and Simulacrum to
                  | your library.
  1477 | D:2      | Learned a level 3 spell: Call Canine Familiar
  1939 | D:3      | Found a white marble altar of Elyvilon.
  2252 | D:3      | Reached XP level 4. HP: 12/24 MP: 1/12
  2394 | D:3      | Noticed Ijyb
  2423 | D:3      | Killed Ijyb
  2424 | D:3      | Reached skill level 5 in Spellcasting
  2472 | D:3      | Learned a level 3 spell: Summon Guardian Golem
  2561 | D:4      | Noticed Blork the orc
  2570 | D:4      | Killed Blork the orc
  2571 | D:4      | Reached skill level 6 in Summonings
  2571 | D:4      | Reached XP level 5. HP: 28/28 MP: 10/15
  2587 | D:4      | Reached skill level 6 in Spellcasting
  2689 | D:4      | Found a shimmering blue altar of Sif Muna.
  2693 | D:4      | Found a staircase to the Ecumenical Temple.
  2701 | D:4      | Became a worshipper of Sif Muna the Loreminder
  2724 | D:4      | Identified 2 scrolls of acquirement
  2724 | D:4      | Acquired a Fen Folio
  2727 | D:4      | You add the spells Summon Forest, Eringya's Noxious Bog and
                  | Summon Hydra to your library.
  2729 | D:4      | Acquired the +3 warlock's mirror {omnireflect}
  2729 | D:4      | Found the +3 warlock's mirror {omnireflect}
  2809 | D:4      | Found a glowing drain.
  2839 | Sewer    | Entered a sewer
  2968 | Sewer    | Reached XP level 6. HP: 32/32 MP: 15/17
  3045 | Sewer    | Reached skill level 1 in Shields
  3126 | Sewer    | Reached * piety under Sif Muna
  3591 | D:4      | Identified the +11 hand axe of the Rattlesnake {antimagic,
                  | rPois Int+3 Dex+2}
  3595 | D:4      | Reached skill level 2 in Shields
  3953 | D:5      | Entered Level 5 of the Dungeon
  3991 | D:5      | Found Esonem's Book Boutique.
  3998 | D:5      | Found a broken altar of Ashenzari.
  4028 | D:5      | Noticed a water moccasin
  4046 | D:5      | Killed a water moccasin
  4047 | D:5      | Reached skill level 3 in Shields
  4047 | D:5      | Reached XP level 7. HP: 33/36 MP: 11/18
  4108 | D:5      | Identified the +2 helmet "Ridyth" {Str+4 Dex+3}
  4228 | D:5      | Reached skill level 4 in Shields
  4230 | D:5      | Identified the ring "Fenaish" {AC+4 Str+2 Dex-4 SInv}
  4283 | D:5      | Reached skill level 7 in Spellcasting
  4379 | D:5      | Reached skill level 7 in Summonings
  4468 | D:5      | Reached ** piety under Sif Muna
  4597 | D:5      | Noticed Grinder
  4609 | D:5      | Killed Grinder
  4610 | D:5      | Reached skill level 8 in Spellcasting
  4610 | D:5      | Reached XP level 8. HP: 41/41 MP: 14/22
  4903 | D:5      | Reached skill level 8 in Summonings
  4919 | D:5      | Learned a level 5 spell: Summon Forest
  5011 | D:5      | Reached skill level 9 in Spellcasting
  5132 | D:5      | Learned a level 7 spell: Summon Hydra
  5297 | D:6      | You pick up a book of Unlife and begin reading...
  5297 | D:6      | You add the spells Animate Dead, Borgnjor's Vile Clutch and
                  | Death Channel to your library.
  5679 | D:6      | Found Agun's Lightly-Used Armoury.
  5720 | D:6      | Reached skill level 9 in Summonings
  5878 | D:6      | Reached skill level 10 in Spellcasting
  6094 | D:6      | Found a sacrificial altar of Ru.
  6125 | D:6      | Reached XP level 9. HP: 37/45 MP: 17/25
  6344 | D:7      | Noticed Dowan
  6369 | D:7      | Killed Dowan
  6388 | D:7      | Noticed Duvessa
  6411 | D:7      | Reached *** piety under Sif Muna
  6551 | D:7      | Reached skill level 11 in Spellcasting
  6579 | D:7      | Reached skill level 10 in Summonings
  7106 | D:7      | You pick up a book of Displacement and begin reading...
  7106 | D:7      | You add the spells Lesser Beckoning, Gell's Gravitas and
                  | Teleport Other to your library.
  7448 | D:7      | Killed Duvessa
  7449 | D:7      | Reached skill level 12 in Spellcasting
  7543 | D:8      | Found Muladd's Jewellery Boutique.
  7551 | D:8      | Noticed a two-headed ogre
  7565 | D:8      | Killed a two-headed ogre
  7566 | D:8      | Reached skill level 11 in Summonings
  7587 | D:8      | Reached XP level 10. HP: 50/50 MP: 15/28
  7603 | D:8      | Reached skill level 12 in Summonings
  7711 | D:8      | Found Fell's Antique Weapon Emporium.
  7850 | D:8      | Reached **** piety under Sif Muna
  7918 | D:8      | Identified the staff of conjuration "Qelax" {Fragile Will+
                  | Str+4}
  7926 | D:8      | Found a hazy altar of Hepliaklqana.
  7926 | D:8      | Noticed Erica
  7938 | D:8      | Killed Erica
  7939 | D:8      | Reached skill level 13 in Summonings
  8025 | D:8      | You add the spells Summon Ice Beast, Animate Armour and
                  | Ozocubu's Refrigeration to your library.
  8025 | D:8      | Got the Volume of Glacial Excavation
  8034 | D:8      | Found a bloodstained altar of Trog.
  8053 | D:8      | Found a shimmering altar of Xom.
  8236 | D:8      | Found Veabuehau's Jewellery Shoppe.
  8446 | D:9      | Identified the +4 helmet "Vahoqis" {rC++ Int+5}
  8482 | D:9      | Noticed a two-headed ogre
  8489 | D:9      | Killed a two-headed ogre
  8490 | D:9      | Reached skill level 14 in Summonings
  8820 | D:9      | Identified the amulet of Lust {RegenMP -Tele rF+ Slay+4}
  8878 | D:9      | You pick up a book of Alchemy and begin reading...
  8878 | D:9      | You add the spells Sublimation of Blood, Petrify and
                  | Irradiate to your library.
  8949 | D:9      | Reached skill level 1 in Invocations
  9029 | D:9      | Reached skill level 2 in Invocations
  9232 | D:9      | Noticed Prince Ribbit
  9238 | D:9      | Killed Prince Ribbit
  9423 | D:9      | You add the spells Blink, Manifold Assault and Storm Form
                  | to your library.
  9511 | D:9      | You add the spells Apportation, Kindle Blastsparks, Vhi's
                  | Electric Charge and Disjunction to your library.
  9511 | D:9      | Got the Codex of the Wayfarer and the Inferno
  9572 | D:9      | Identified the +0 robe of Subjectivity {rF+ Slay+3}
  9656 | D:10     | Entered Level 10 of the Dungeon
  9693 | D:10     | Reached skill level 3 in Invocations
  9693 | D:10     | Reached XP level 11. HP: 54/54 MP: 22/29
  9786 | D:10     | Reached skill level 15 in Summonings
  9818 | D:10     | Found Gazas's Weapon Boutique.
  9838 | D:10     | Found Ysunoad's Assorted Antiques.
  9917 | D:10     | Found Ilothrosm's Antique Weapon Shop.
  9947 | D:10     | Found Nitz's Magic Scroll Emporium.
  9963 | D:10     | Found Exav's Antique Armour Boutique.
  9969 | D:10     | Reached skill level 4 in Invocations
 10047 | D:10     | Reached ***** piety under Sif Muna
 10074 | D:10     | You pick up a book of Touch and begin reading...
 10074 | D:10     | You add the spells Kiss of Death, Confusing Touch and
                  | Dispel Undead to your library.
 10431 | D:11     | Reached skill level 5 in Invocations
 10694 | D:11     | Found a glowing silver altar of Zin.
 10804 | D:11     | Reached skill level 6 in Invocations
 10988 | D:11     | Noticed a two-headed ogre
 10993 | D:11     | Killed a two-headed ogre
 11072 | D:11     | Found a staircase to the Lair.
 11088 | D:11     | Reached skill level 7 in Invocations
 11162 | D:11     | Received a gift from Sif Muna
 11180 | D:11     | You add the spells Shock, Static Discharge, Poisonous
                  | Vapours, Portal Projectile, Dispersal, Malign Gateway and
                  | Chain Lightning to your library.
 11180 | D:11     | Got Sif Muna's Essays on Stormy Points {god gift}
 11181 | D:11     | Acquired 704 gold pieces
 11307 | D:11     | Reached skill level 8 in Invocations
 11787 | D:12     | Reached skill level 9 in Invocations
 11844 | D:12     | Noticed a cyan ugly thing
 11852 | D:12     | Killed a cyan ugly thing
 11913 | D:12     | Noticed a tengu warrior
 11919 | D:12     | Killed a tengu warrior
 11996 | D:12     | Reached skill level 10 in Invocations
 12045 | D:12     | Noticed a deep elf zephyrmancer
 12054 | D:12     | Killed a deep elf zephyrmancer
 12058 | D:12     | Noticed Rupert
 12067 | D:12     | Noticed an orc sorcerer
 12073 | D:12     | Killed from afar by an orc sorcerer

Vanquished Creatures
  A sky beast (D:6)
  A centaur (D:9)
  Ijyb (D:3)
  An orc wizard (D:7)
  An adder (D:4)
  2 orcs (D:4)
  2 ball pythons
  A bat (D:3)
  2 endoplasms
  A giant cockroach (D:3)
  A hobgoblin (D:1)
  3 kobolds
  A rat (D:2)
18 creatures vanquished.

Vanquished Creatures (collateral kills)
  Erica (D:8)
  2 two-headed ogres
  A tengu warrior (D:12)
  A deep elf zephyrmancer (D:12)
  An ugly thing (D:12)
  2 cyclopes
  A komodo dragon (D:11)
  An unseen horror (D:11)
  3 trolls
  Prince Ribbit (D:9)
  Grinder (D:5)
  3 wraiths
  A vampire (D:12)
  2 wyverns
  A nameless horror (D:11)
  3 yaks (D:9)
  A steam dragon (D:6)
  8 vampire mosquitoes
  An acid dragon (D:10)
  A water moccasin (D:5)
  3 orc warriors
  3 sky beasts
  3 black bears
  2 ogres (D:5)
  4 centaurs
  A phantom (D:4)
  A kobold brigand (D:9)
  A bullfrog (D:8)
  2 gnoll sergeants
  4 scorpions
  13 wights
  Dowan (D:7)
  12 killer bees
  A howler monkey (D:12)
  4 crimson imps (D:8)
  3 gnoll boudas
  8 orc priests
  3 hounds
  5 jellies
  2 sleepcaps
  2 iguanas (D:5)
  11 orc wizards
  A malarious merfolk avatar (Sewer)
  A sickly merfolk siren (Sewer)
  23 gnolls
  5 adders
  A shadow imp (D:5)
  A white imp (D:8)
  An ufetubus (D:5)
  4 worms (D:4)
  2 dart slugs
  24 orcs
  8 ball pythons
  4 endoplasms
  4 giant cockroaches
  A goblin (D:2)
  4 hobgoblins
  3 quokkas
  A bat (D:3)
  7 frilled lizards
  12 kobolds
  26 rats
  3 bushes (D:7)
261 creatures vanquished.

Vanquished Creatures (others)
  A two-headed ogre (D:8)
  Duvessa (D:7)
  A kobold brigand (D:10)
  Blork the orc (D:4)
  A gnoll (D:10)
  2 bushes (D:7)
  8 plants
  5 toadstools (D:6)
20 creatures vanquished.

Grand Total: 299 creatures vanquished

Table legend:
 A = Non-vault XP
 B = Vault XP
 C = Vault XP percentage of total XP
 D = Non-vault monster count
 E = Vault monster count
 F = Vault count percentage of total count
                 A         B        C        D         E       F
            +---------+---------+-------+---------+---------+-------
      Total |   13949 |    5684 |  29.0 |     217 |      63 |  22.5
            +---------+---------+-------+---------+---------+-------
        D:1 |      21 |       0 |   0.0 |      13 |       0 |   0.0
        D:2 |      24 |       0 |   0.0 |       7 |       0 |   0.0
        D:3 |      70 |      36 |  34.0 |      18 |       1 |   5.3
        D:4 |     252 |     111 |  30.6 |      14 |       4 |  22.2
        D:5 |    1129 |     272 |  19.4 |      25 |       1 |   3.8
        D:6 |     897 |       0 |   0.0 |      16 |       0 |   0.0
        D:7 |    1504 |     218 |  12.7 |      37 |       2 |   5.1
        D:8 |    1566 |    1299 |  45.3 |      12 |       7 |  36.8
        D:9 |    3051 |     300 |   9.0 |      24 |       1 |   4.0
       D:10 |    1378 |       0 |   0.0 |      30 |       0 |   0.0
       D:11 |    3786 |     367 |   8.8 |      19 |       1 |   5.0
       D:12 |     271 |    2959 |  91.6 |       2 |       6 |  75.0
      Sewer |       0 |     122 | 100.0 |       0 |      40 | 100.0
            +---------+---------+-------+---------+---------+-------

Illustrated notes

Table legend:
 A = Kills in this place as a percentage of kills in the entire game.
 B = Kills by you in this place as a percentage of kills by you in the entire game.
 C = Kills by friends in this place as a percentage of kills by friends in the entire game.
 D = Other kills in this place as a percentage of other kills in the entire game.
 E = Experience gained in this place as a percentage of experience gained in the entire game.
 F = Experience gained in this place divided by the number of levels of this place that you have seen.
                   A       B       C       D       E      F
               +-------+-------+-------+-------+-------+----------------------
         Total | 100.0 | 100.0 | 100.0 | 100.0 | 100.0 | 1510.2
       Dungeon |  85.7 | 100.0 |  84.4 | 100.0 |  99.4 | 1625.9
         Sewer |  14.3 |   0.0 |  15.6 |   0.0 |   0.6 | 122.0
               +-------+-------+-------+-------+-------+----------------------

Table legend: (Time is in decaauts)
 A = Elapsed time spent in this place.
 B = Non-inter-level travel time spent in this place.
 C = Inter-level travel time spent in this place.
 D = Time resting spent in this place.
 E = Time spent auto-exploring this place.
 F = Levels seen in this place.
 G = Mean time per level.
                   A        B        C        D        E       F      G
               +--------+--------+--------+--------+--------+-----+--------+
         Total |  12153 |  11851 |    302 |    245 |   8950 |  13 |  934.8 |
       Dungeon |  11542 |  11240 |    302 |    188 |   8689 |  12 |  961.8 |
         Sewer |    611 |    611 |      0 |     57 |    261 |   1 |  611.0 |
               +--------+--------+--------+--------+--------+-----+--------+

Top non-repeatable levels by time:
    D:11: 1391 daAuts
     D:9: 1340 daAuts
     D:6: 1217 daAuts
     D:5: 1216 daAuts
     D:7: 1152 daAuts
     D:3: 936 daAuts
     D:4: 909 daAuts
     D:1: 827 daAuts
     D:8: 781 daAuts
     D:2: 742 daAuts
    D:10: 637 daAuts
   Sewer: 611 daAuts
    D:12: 386 daAuts
